Unix NetHack Version 5.0.0-0 post-release - last build Jul 14 2026 02:55:29 (1809b74e8187c3a3585e283601c3028b46cbbdcb,branch:main).

Game began 2026-07-13 23:36:49, ended 2026-07-15 22:01:20.

BeardyHaddock, neutral male gnomish Archeologist

       ----                                                 ---
       |..-----                                            --.|
      --...--.--                                           |..--
  -----........|           -----------------               |...|
  |...........--           ................--              --..--
  |............|           --...----------..-----           |...--
  ----...--....-----    ---.....--       --..|..--        ---.|..--
    |....--..........  --......).----     --....*--     ---.).|-..---
    |^........[......---..........[.---    --.....------|...^----...--
    |.---....................k........--    ----#.......|...--  ---..|
    --- ------.....*.....--..@.d.......---      ----#.......|     --.|
            |...........----..%..........--      |..........-      |.|
    ---     |.--......%.|  |.....%........|     --..........       |.---
 ----.-------.--.......--  --.............|     |...........--     |...|
 |.....................|    |.........)...-- -----....|......|     ---.|  ----
 |........---..--......------.*...........*---..---.----.....--      |.---|..--
 |........| --..........--.......................|---  |......|    ---...--...|
 |...--..--  ---................|).......*......--     --.|.|.|    |....<.[..--
  --------       -............-----.......*.--.--       -------    |...`....--
                 |..|.--.--.---   ---.|..|..|---                   --.--.----
                 ------------       ---------                       ------
BeardyHaddock the Field Worker  St:12 Dx:11 Co:11 In:16 Wi:16 Ch:10  Neutral
Dlvl:3  $:173 HP:0(22) Pw:17(17) AC:9  Xp:3 T:1773 

Latest messages:
 The little dog misses the dwarf.
 The little dog misses the dwarf.
 The little dog misses the dwarf.
 The little dog misses the dwarf.
 The little dog misses the dwarf.
 The little dog misses the dwarf.
 The little dog misses the dwarf.
 The little dog misses the dwarf.
 The little dog misses the dwarf.
 The little dog misses the dwarf.
 The little dog misses the dwarf.
 The little dog misses the dwarf.
 The little dog misses the dwarf.
 The little dog misses the dwarf.
 The little dog misses the dwarf.
 The little dog misses the dwarf.
 The little dog misses the dwarf.
 You hear some noises in the distance.
 You hear some noises in the distance.
 Your oil lamp flickers.
 Your oil lamp flickers considerably.
 A kobold lord suddenly appears close by!
 Are you waiting to get hit?  Use 'm' prefix to force a no-op (to rest).
 Are you waiting to get hit?  Use 'm' prefix to force a no-op (to rest).
 You hit the kobold lord.
 You hit the kobold lord.
 The kobold lord hits!
 You hit the kobold lord.
 The kobold lord hits!
 The little dog bites the yellow mold.
 The little dog staggers...
 You hit the kobold lord.
 The kobold lord hits!
 The little dog misses the yellow mold.
 The little dog misses the yellow mold.
 You hit the kobold lord.
 The kobold lord hits!
 The little dog misses the yellow mold.
 The little dog bites the yellow mold.
 The yellow mold is killed!
 What do you want to write with? [- agjnrs or ?*] -
 You write in the dust with your fingertip.
 What do you want to write in the dust here? Elbereth
 The kobold lord hits!
 You die...
 Do you want your possessions identified? [ynq] (y) y
 Do you want to see your attributes? [ynq] (y) n
 Do you want an account of creatures vanquished? [ynaq] (y) n
 Do you want to see your conduct and achievements? [ynq] (y) n
 Do you want to see the dungeon overview? [ynq] (y) n

Inventory:
 Coins    ('$')
  $ - 173 gold pieces
 Amulets  ('"')
  k - an uncursed amulet of flying
 Weapons  (')')
  n - 17 +0 arrows
  s - 9 +0 silver arrows
  r - a +0 bow
  j - 4 +0 darts
  a - a +2 bullwhip (alternate weapon; not wielded)
 Armor    ('[')
  p - an uncursed +0 dwarvish iron helm
  c - an uncursed +0 fedora (being worn)
  q - an uncursed +0 dwarvish cloak
  b - an uncursed +0 leather jacket (being worn)
 Comestibles  ('%')
  d - 5 uncursed food rations
 Scrolls  ('?')
  u - a cursed scroll of confuse monster
  x - a blessed scroll of fire
 Potions  ('!')
  v - an uncursed potion of oil
 Tools    ('(')
  h - an empty uncursed sack
  t - an uncursed brass lantern
  i - an uncursed oil lamp (lit)
  e - a +0 pick-axe
  f - a tinning kit (0:44)
 Gems/Stones  ('*')
  g - an uncursed touchstone

BeardyHaddock the Archeologist's attributes:

Background:
 You were a Field Worker, a level 3 male gnomish Archeologist.
 You were neutral, on a mission for Camaxtli
 who was opposed by Quetzalcoatl (lawful) and Huhetotl (chaotic).
 You were right-handed.
 You were in the Gnomish Mines, on level 3.
 You entered the dungeon 1773 turns ago.
 It was nighttime.
 There was a new moon in effect when your adventure ended.
 You had 69 experience points, 11 more were needed to attain level 4.

Basics:
 You had 0 out of 22 hit points.
 You had all 17 energy points (spell power).
 Your armor class was 9.
 Your wallet contained 173 zorkmids.
 Autopickup was off.

Final Characteristics:
 Your strength was 12 (limit:18/50).
 Your dexterity was 11 (limit:18).
 Your constitution was 11 (limit:18).
 Your intelligence was 16 (limit:19).
 Your wisdom was 16 (limit:18).
 Your charisma was 10 (limit:18).

Final Status:
 You weren't hungry.
 You were unencumbered.
 You were bare handed.
 You were unskilled in bare handed combat.

Final Attributes:
 You were devoutly aligned.
 You had automatic searching.
 You had infravision.
 You were lucky.
 You are dead.

Miscellaneous:
 You didn't encounter any bones levels.
 Total elapsed playing time was 59 minutes and 51 seconds.

Major events:
 Turn
    1: BeardyHaddock the neutral male gnomish Archeologist entered the dungeon
  614: entered the Gnomish Mines
 1328: attained the rank of Field Worker (level 3)
 1773: killed by a kobold lord

Spells:
 Name                 Level Category     Fail Retention
 detect monsters        1   divination     0%  76%-100%

Skills:
 Fighting Skills
   bare handed combat [Unskilled]
   two weapon combat  [Unskilled]
   riding             [Unskilled]
 Weapon Skills
   dagger             [Unskilled]
   knife              [Unskilled]
   pick-axe           [Basic]
   short sword        [Unskilled]
   saber              [Unskilled]
   club               [Unskilled]
   quarterstaff       [Unskilled]
   sling              [Unskilled]
   dart               [Unskilled]
   boomerang          [Unskilled]
   whip               [Basic]
   unicorn horn       [Unskilled]
 Spellcasting Skills
   attack spells      [Unskilled]
   healing spells     [Unskilled]
   divination spells  [Unskilled]
   matter spells      [Unskilled]

Voluntary challenges:
 Character rerolling was not enabled.
 You never genocided any monsters.
 You never polymorphed an object.
 You used no wishes.
Achievements:
 You entered a shop.
 You entered the Gnomish Mines.
 You attained the rank of Field Worker.

 The Dungeons of Doom: levels 1 to 2
    Level 1:
       A fountain.
    Level 2:
       A general store.
       Stairs down to The Gnomish Mines.
 The Gnomish Mines:
    Level 3: <- You were here.
       Final resting place for
          you, killed by a kobold lord.


Vanquished creatures:
  2 dwarves
  a wererat
 an acid blob
  2 gas spores
  a cave spider
  a yellow mold
  3 gnomes
  2 geckos
  5 jackals
  3 foxes
  a kobold
  a goblin
  3 grid bugs
  3 bats
  4 lichens
  a kobold zombie
  3 newts
37 creatures vanquished.

No species were genocided or became extinct.

Game over:
                       ----------
                      /          \
                     /    REST    \
                    /      IN      \
                   /     PEACE      \
                  /                  \
                  |  BeardyHaddock   |
                  |      173 Au      |
                  |   killed by a    |
                  |   kobold lord    |
                  |                  |
                  |                  |
                  |       2026       |
                 *|     *  *  *      | *
        _________)/\\_//(\/(/\)/\//\/|_)_______

Goodbye BeardyHaddock the Archeologist...

You died in The Gnomish Mines on dungeon level 3 with 542 points,
and 173 pieces of gold, after 1773 moves.
You were level 3 with a maximum of 22 hit points when you died.

